 Dungeon Crawl Stone Soup version 0.27-a0-819-g058290f16d (webtiles) character file.

Game seed: 7244995605964962660

1959 jasper the Chopper (level 9, 0/68 HPs)
             Began as a Demonspawn Delver on Mar 29, 2021.
             Was a Believer of Makhleb.
             Succumbed to a killer bee's poison
             ... on level 8 of the Dungeon.
             The game lasted 00:11:11 (8400 turns).

jasper the Chopper (Demonspawn Delver)              Turns: 8400, Time: 00:11:12

Health: 0/68       AC: 12    Str: 16    XL:     9   Next: 0%
Magic:  2/13       EV: 14    Int: 11    God:    Makhleb [**....]
Gold:   330        SH:  3    Dex: 15    Spells: 5/8 levels left

rFire    . . .     SeeInvis .   x - +1 war axe
rCold    . . .     Faith    .   I - +0 buckler
rNeg     + . .     Spirit   +   h - +2 scale mail {rN+}
rPois    .         Reflect  .   (no helmet)
rElec    .         Harm     .   D - +0 cloak
rCorr    .         Rampage  .   (no gloves)
Will     .....                  (boots unavailable)
Stlth    +.........             w - amulet of guardian spirit
HPRegen  0.21/turn              t - +4 ring of evasion
MPRegen  0.26/turn              (no ring)

@: lethally poisoned (0 -> -13)
A: hooves 3, yellow scales 1, magic regeneration
a: Renounce Religion, Minor Destruction


You were on level 8 of the Dungeon.
You worshipped Makhleb.
Makhleb was pleased with you.
You visited 1 branch of the dungeon, and saw 8 of its levels.

You collected 330 gold pieces.

Inventory:

Hand Weapons
 a - a +0 hand axe
 f - a +2 flail of protection
 j - a +0 morningstar
 q - a +0 hunting sling
 x - a +1 war axe (weapon)
 y - a +2 whip of freezing
Missiles
 i - 14 poisoned darts (quivered)
 r - 127 stones
 F - 4 boomerangs
Armour
 b - a +0 leather armour
 h - a +2 scale mail of positive energy (worn)
 k - a +0 scale mail
 D - a +0 cloak (worn)
 E - a +0 chain mail
 H - the +4 robe "Siwoowk" {rF++}
   (You found it on level 8 of the Dungeon)

   It greatly protects you from fire.
 I - a +0 buckler (worn)
Jewellery
 n - an amulet of faith
 t - a +4 ring of evasion (left hand)
 w - an amulet of guardian spirit (around neck)
 B - the ring "Silunn" {rN++ MP+9 Int+4 Slay-5}
   (You found it on level 6 of the Dungeon)

   [ring of magical power]

   It affects your intelligence (+4).
   It affects your accuracy and damage with ranged weapons and melee attacks
   (-5).
   It greatly protects you from negative energy.
   It affects your magic capacity (+9).
Wands
 g - a wand of digging (3)
Scrolls
 c - 3 scrolls of fog
 d - 2 scrolls of magic mapping
 l - 2 scrolls of teleportation
 m - a scroll of brand weapon
 p - 3 scrolls of blinking
 u - 2 scrolls of noise
 v - 2 scrolls of enchant armour
 A - 3 scrolls of amnesia
 C - a scroll of vulnerability
Potions
 e - a potion of flight
 o - a potion of magic
 s - 2 potions of curing
 z - 2 potions of brilliance
 G - a potion of lignification {unknown}
 J - 2 potions of degeneration {unknown}


   Skills:
 + Level 5.6 Fighting
 * Level 6.4 Axes
 + Level 4.1 Armour
 + Level 4.6 Dodging
 - Level 4.5 Stealth
 - Level 6.0 Invocations


You had 5 spell levels left.
You knew the following spells:

 Your Spells              Type           Power      Damage    Failure   Level
a - Blink                 Tloc           N/A        N/A       97%         2
b - Animate Skeleton      Necr           0%         N/A       90%         1

Your spell library contained the following spells:

 Spells                   Type           Power      Damage    Failure   Level
 Apportation              Tloc           0%         N/A       90%         1
 Beastly Appendage        Tmut           0%         N/A       90%         1
 Corona                   Hex            0%         N/A       90%         1
 Freeze                   Ice            0%         1d3       90%         1
 Magic Dart               Conj           0%         1d3       90%         1
 Pain                     Necr           0%         1d4       90%         1
 Summon Small Mammal      Summ           0%         N/A       90%         1
 Call Imp                 Summ           0%         N/A       97%         2
 Ensorcelled Hibernation  Hex/Ice        0%         N/A       97%         2
 Slow                     Hex            0%         N/A       97%         2
 Wereblood                Tmut           0%         N/A       97%         2
 Confusing Touch          Hex            0%         N/A       99%         3
 Conjure Flame            Conj/Fire      0%         6-21      99%         3
 Dazzling Flash           Conj/Hex       0%         N/A       99%         3
 Frozen Ramparts          Ice            0%         1d2       99%         3
 Mephitic Cloud           Conj/Pois/Air  0%         N/A       99%         3
 Ozocubu's Armour         Ice            0%         N/A       99%         3
 Spider Form              Tmut/Pois      0%         N/A       99%         3
 Tukima's Dance           Hex            0%         N/A       99%         3
 Vampiric Draining        Necr           0%         2d6       99%         3
 Animate Dead             Necr           0%         N/A       100%        4
 Hailstorm                Conj/Ice       0%         3d3       100%        4
 Ice Form                 Ice/Tmut       0%         N/A       100%        4
 Summon Ice Beast         Ice/Summ       0%         N/A       100%        4
 Agony                    Necr           0%         N/A       100%        5
 Blade Hands              Tmut           0%         N/A       100%        5


Dungeon Overview and Level Annotations

Branches:
Dungeon (8/15)             Temple (0/1) D:7
   Lair: D:8-11

Altars:
Ashenzari
Cheibriados
Elyvilon
Makhleb
Nemelex Xobeh
Qazlal
Ru
Trog
Vehumet
Xom
Zin
The Shining One

Annotations:
D:5 Prince Ribbit
D:6 exclusion: statue


Innate Abilities, Weirdness & Mutations

You have hooves in place of feet.
You are partially covered in yellow scales. (AC +2)
You regenerate magic rapidly.


Message History

Your kick misses the killer bee.
The killer bee is severely wounded.
You hear an angry buzzing noise.
You block the killer bee's attack. The killer bee barely misses you.
A killer bee comes into view.
The killer bee completely misses you. The killer bee misses you.
The killer bee buzzes angrily.
You hit the killer bee.
The killer bee is lightly wounded.
You slash the killer bee!
You kill the killer bee!
Makhleb accepts your kill. The killer bee barely misses you.
The killer bee misses you.
The bullfrog hits you but does no damage.
Training target 6.0 for Invocations reached!
Your Invocations skill increases to level 6!
You have reached level 9!
Your experience leads to an increase in your attributes!
Increase (S)trength, (I)ntelligence, or (D)exterity?
You feel stronger.
Okay, then.
The killer bee stings you.
* * * LOW HITPOINT WARNING * * *
You are poisoned.
The killer bee poisons you! The killer bee stings you.
* * * LOW HITPOINT WARNING * * *
You are lethally poisoned!
The killer bee poisons you! The killer bee stings you.
* * * LOW HITPOINT WARNING * * *
You take 5 damage, and have 10/68 hp.
You now have 5/13 mp.
* * * LOW HITPOINT WARNING * * *
You feel very sick. The killer bee stings you.
* * * LOW HITPOINT WARNING * * *
The killer bee completely misses you.
The bullfrog snags a nearby centipede with its tongue.
The bullfrog completely misses you.
You see here a +0 ring mail.
You take 7 damage, and have 3/68 hp.
You now have 2/13 mp.
You die...

# ##....###.......#
#.#......# .(..[..
#.#.##...# ......
#........# ... .
###....#.###.#.#
#........#.#.#
#......#.....# #
######.####.#.####.#
#....@[Fy##.#...$..#
#.#####y.††..(..#####.
#.###.##...(....
#..........#####
#.######...# #.# ##.##
..# ...# ### ...#
#...#


You could see a bullfrog and 2 killer bees.

Vanquished Creatures
  A wyvern (D:6)
  3 water moccasins
  2 swamp drakes
  An ogre (D:5)
  2 bullfrogs
  A scorpion (D:6)
  8 killer bees (D:8)
  2 centaur zombies
  2 bullfrog skeletons
  3 hounds
  2 orc priests
  2 jellies (D:6)
  Terence (D:3)
  An iguana (D:4)
  7 orc wizards
  3 gnolls (D:4)
  3 adders
  A shadow imp (D:7)
  An ufetubus (D:5)
  A worm (D:2)
  5 dart slugs
  17 orcs
  5 bats
  9 endoplasms
  A giant cockroach (D:4)
  2 goblins
  8 hobgoblins
  7 jackals
  5 kobolds
  3 quokkas
  6 ball pythons
  2 frilled lizards (D:1)
  4 rats
121 creatures vanquished.

Vanquished Creatures (others)
  2 plants (D:4)
2 creatures vanquished.

Grand Total: 123 creatures vanquished

Notes
Turn   | Place    | Note
-------+----------+-------------------------------------------
     0 | D:5      | jasper the Demonspawn Delver began the quest for the Orb.
     0 | D:5      | Reached XP level 1. HP: 18/18 MP: 1/1
    14 | D:5      | Found a burning altar of Makhleb.
    15 | D:5      | Noticed an angel
    15 | D:5      | Noticed a blizzard demon
    19 | D:5      | Became a worshipper of Makhleb the Destroyer
    55 | D:3      | Found a sacrificial altar of Ru.
   362 | D:3      | Gained mutation: You regenerate magic rapidly. [demonic
                  | ancestry]
   362 | D:3      | Reached XP level 2. HP: 22/24 MP: 2/2
  1014 | D:1      | Reached skill level 1 in Invocations
  1470 | D:1      | Reached XP level 3. HP: 29/29 MP: 3/3
  2012 | D:2      | Found a broken altar of Ashenzari.
  2249 | D:2      | Reached * piety under Makhleb
  2256 | D:2      | Reached skill level 1 in Armour
  2622 | D:2      | Gained mutation: You have large cloven feet. [demonic
                  | ancestry]
  2622 | D:2      | Reached XP level 4. HP: 34/35 MP: 5/5
  3153 | D:3      | Noticed Terence
  3185 | D:3      | Killed Terence
  4030 | D:4      | Found a bloodstained altar of Trog.
  4279 | D:4      | Learned a level 2 spell: Blink
  4281 | D:4      | Learned a level 1 spell: Animate Skeleton
  4370 | D:4      | Gained mutation: You are partially covered in yellow
                  | scales. (AC +2) [demonic ancestry]
  4370 | D:4      | Reached XP level 5. HP: 21/41 MP: 6/6
  4616 | D:4      | Found a snail-covered altar of Cheibriados.
  5015 | D:4      | Found a shimmering altar of Xom.
  5389 | D:5      | Gained mutation: You have hoof-like feet. [demonic
                  | ancestry]
  5389 | D:5      | Reached XP level 6. HP: 48/48 MP: 8/8
  5493 | D:5      | Noticed a water moccasin
  5511 | D:5      | Killed a water moccasin
  5511 | D:5      | Reached ** piety under Makhleb
  5878 | D:5      | Noticed Prince Ribbit
  6051 | D:6      | Gained mutation: You have hooves in place of feet. [demonic
                  | ancestry]
  6051 | D:6      | Reached XP level 7. HP: 50/54 MP: 9/9
  6104 | D:6      | Found a stormy altar of Qazlal.
  6354 | D:6      | Identified the ring "Silunn" {rN++ MP+9 Int+4 Slay-5}
  6490 | D:6      | Found a sparkling altar of Nemelex Xobeh.
  6574 | D:6      | Found a radiant altar of Vehumet.
  6687 | D:7      | Found a staircase to the Ecumenical Temple.
  6961 | D:7      | Noticed a steam dragon
  6961 | D:7      | an orc warrior changed into a steam dragon
  6965 | D:7      | a steam dragon changed into a swamp drake
  6976 | D:7      | Reached skill level 5 in Axes
  7329 | D:7      | Noticed a wyvern
  7348 | D:6      | Killed a wyvern
  7349 | D:6      | Reached XP level 8. HP: 18/61 MP: 5/11
  7605 | D:7      | Reached skill level 5 in Fighting
  7605 | D:7      | Reached skill level 5 in Invocations
  8210 | D:8      | Identified the +4 robe "Siwoowk" {rF++}
  8398 | D:8      | Reached XP level 9. HP: 15/68 MP: 6/13
  8399 | D:8      | HP: 3/68 [killer bee (3)]
  8400 | D:8      | Succumbed to a killer bee's poison

Illustrated notes

Levels and vault maps discovered:
D:1:      co_arrival_square_in_a_square_in_a_square, layout_basic,
          grunt_decor_one_mirror
D:2:      layout_loops_cross, ashenzari_altar_1
D:3:      minmay_general_purpose_star, layout_loops_corners,
          nicolae_ru_awakened_eye, uniq_terence
D:4:      layout_loops_ring, cheibriados_altar_1, tso_metal_star, led_xom_imps,
          bloody_trog, minmay_misc_feat_columns, chequers_serial_rivers_micro_b,
          serial_bayou_crossing
D:5:      layout_loops_corners, grunt_temple_overflow_order_and_chaos_2,
          uniq_prince_ribbit1
D:6:      layout_rooms, elyvilon_altar_4, kennysheep_mini_moat, kennysheep_mini,
          vehumet_statue
D:7:      layout_cave_pools, minmay_temple_entry_stoned_glass,
          roderic_lattice_a, minmay_a_box_with_orc_wizards_in_it
D:8:      layout_loops_cross, nicolae_wu_jian_glorious_leap

Skill      XL: |  1  2  3  4  5  6  7  8 |
---------------+-------------------------+-----
Axes           | 2 3 4 5 6 |  6.4
Dodging        | 2 3 4 |  4.6
Invocations    | 1 2 3 4 6 |  6.0
Armour         | 1 2 3 4 |  4.1
Fighting       | 4 5 |  5.6
Stealth        | |  4.5

Action                   |  1- 3 |  4- 6 |  7- 9 || total
-------------------------+-------+-------+-------++-------
Melee: Hand axe          |   123 |    42 |       ||   165
       Kick              |       |    48 |    52 ||   100
       War axe           |       |   127 |   173 ||   300
Throw: Dart              |    62 |    77 |    29 ||   168
Evoke: Wand              |       |       |     7 ||     7
  Use: Potion            |       |     8 |     1 ||     9
       Scroll            |       |     7 |     4 ||    11
 Stab: Sleeping          |     2 |     1 |       ||     3
Armor: Leather armour    |     7 |       |       ||     7
       Scale mail        |    50 |    65 |   100 ||   215
Dodge: Dodged            |    92 |   146 |   161 ||   399
Block: Buckler           |       |       |    15 ||    15

Table legend: (Time is in decaauts)
 A = Elapsed time spent in this place.
 B = Non-inter-level travel time spent in this place.
 C = Inter-level travel time spent in this place.
 D = Time resting spent in this place.
 E = Time spent auto-exploring this place.
 F = Levels seen in this place.
 G = Mean time per level.
                   A        B        C        D        E       F      G
               +--------+--------+--------+--------+--------+-----+--------+
         Total |   8514 |   8283 |    231 |   1563 |   5192 |   8 | 1064.2 |
       Dungeon |   8514 |   8283 |    231 |   1563 |   5192 |   8 | 1064.2 |
               +--------+--------+--------+--------+--------+-----+--------+

Top non-repeatable levels by time:
     D:3: 1853 daAuts
     D:4: 1188 daAuts
     D:7: 1114 daAuts
     D:6: 1075 daAuts
     D:5: 1050 daAuts
     D:1: 1050 daAuts
     D:2: 971 daAuts
     D:8: 212 daAuts
